[Event "Titled Tuesday Blitz March 08 Early 2022"]
[White "Samaganova, Aleksandra"]
[Black "Havanecz, Bianka"]
[WhiteFideId "13800221"]
[BlackFideId "704814"]
[WhiteElo "1859"]
[BlackElo "2376"]
[Result "1-0"]
[Round "07"]
[TimeControl "180+1"]
[Date "2022.03.09"]
[WhiteClock "0:00:08"]
[BlackClock "0:00:06"]

1. c4 c5 2. Nc3 Nc6 3. g3 g6 4. Bg2 Bg7 5. a3 e6 6. Rb1 Nge7 7. b4 cxb4 8. axb4 O-O 9. Nf3 d5 10. c5 Nf5 11. O-O Ncd4 12. Nxd4 Nxd4 13. e3 Nf5 14. d4 Bd7 15. b5 b6 16. Qb3 bxc5 17. dxc5 a6 18. b6 Bc6 19. Ne2 Qd7 20. Rd1 Qb7 21. Bb2 Rfc8 22. Bxg7 Nxg7 23. g4 h5 24. h3 hxg4 25. hxg4 Ne8 26. Nf4 Nf6 27. f3 Nd7 28. Rbc1 Bb5 29. Qb4 Rc6 30. Rc3 Rac8 31. Rdc1 Ne5 32. Kf2 Nc4 33. Bf1 Rxc5 34. Bd3 Qxb6 35. Ne2 R5c6 36. Nd4 R6c7 37. Be2 Nd6 38. Rxc7 Rxc7 39. Rxc7 Qxc7 40. Nxb5 axb5 41. f4 Ne4+ 42. Kf3 Nd6 43. g5 Qc6 44. Kf2 Ne4+ 45. Kg2 Nc3 46. Bf3 Na4 47. Qa5 Kg7 48. Kg3 Qd7 49. Qa6 Nc5 50. Qa1+ Kg8 51. Qd4 Nb3 52. Qc3 d4 53. Qxb3 dxe3 54. Qd3 b4 55. Qxe3 Qd6 56. Qb3 Qc5 57. Bd1 Qg1+ 58. Kf3 Qf1+ 59. Ke3 Qh3+ 60. Bf3 Qh1 61. Bxh1 Kg7 62. Qxb4 e5 63. Qc3 f6 64. gxf6+ Kxf6 65. Qxe5+ Kf7 66. Qg5 Kg7 67. Be4 Kh8 68. Qh6+ Kg8 69. Qxg6+ Kh8 70. Qh7# 1-0


[Site "https://www.chess.com"]

[Event "Titled Tuesday Blitz March 08 Early 2022"]
[White "Samunenkov, Ihor"]
[Black "Guliev, Logman"]
[WhiteFideId "14187086"]
[BlackFideId "13400061"]
[WhiteElo "2409"]
[BlackElo "2128"]
[Result "1-0"]
[Round "07"]
[TimeControl "180+1"]
[Date "2022.03.09"]
[WhiteClock "0:01:53"]
[BlackClock "0:02:20"]

1. d4 Nf6 2. c4 e6 3. Nf3 Bb4+ 4. Bd2 c5 5. Bxb4 cxb4 6. e3 O-O 7. Nbd2 a5 8. Bd3 b6 9. O-O Bb7 10. Qe2 d6 11. e4 Nbd7 12. e5 dxe5 13. dxe5 Nc5 14. Bc2 Qd7 15. exf6 1-0


[Site "https://www.chess.com"]

[Event "Titled Tuesday Blitz March 08 Early 2022"]
[White "Saravana, Krishnan P."]
[Black "Buscar, Michael"]
[WhiteFideId "5018382"]
[BlackFideId "2603616"]
[WhiteElo "2210"]
[BlackElo "2010"]
[Result "1-0"]
[Round "07"]
[TimeControl "180+1"]
[Date "2022.03.09"]
[WhiteClock "0:00:22"]
[BlackClock "0:00:03"]

1. c4 Nf6 2. Nc3 e6 3. e4 d6 4. d4 Nbd7 5. Nf3 e5 6. h3 Be7 7. Be2 c6 8. O-O O-O 9. Be3 Qc7 10. Rc1 Re8 11. d5 Nf8 12. b4 a5 13. a3 Ng6 14. Qb3 Nf4 15. Bxf4 exf4 16. c5 Bf8 17. cxd6 Bxd6 18. Nb5 cxb5 19. Rxc7 Bxc7 20. Bxb5 Rxe4 21. Rc1 Bd6 22. Qc2 Bf5 23. Bd3 Rc8 24. Qxc8+ Bxc8 25. Bxe4 Bd7 26. Bd3 Nxd5 27. bxa5 Bxa3 28. Rd1 Nc3 29. Bxh7+ Kxh7 30. Rxd7 Bb4 31. Rxf7 Bxa5 32. Rxb7 Bd8 33. Kf1 Bf6 34. Ke1 Kg6 35. Rc7 Kf5 36. Rc4 Nd5 37. Ke2 Ke6 38. g3 fxg3 39. fxg3 Kf7 40. h4 Kg6 41. g4 Be7 42. Kd3 Kf7 43. g5 Nb6 44. Rf4+ Ke6 45. Nd4+ Kd7 46. Rf7 Nd5 47. Rxg7 Ke8 48. Ke4 Kf8 49. Ne6+ 1-0


[Site "https://www.chess.com"]

[Event "Titled Tuesday Blitz March 08 Early 2022"]
[White "Sarkar, Justin"]
[Black "Shuvalov, Evgenij"]
[WhiteFideId "2010011"]
[BlackFideId "4187237"]
[WhiteElo "2038"]
[BlackElo "2151"]
[Result "0-1"]
[Round "07"]
[TimeControl "180+1"]
[Date "2022.03.09"]
[WhiteClock "0:00:03"]
[BlackClock "0:00:43"]

1. e4 e6 2. d4 d5 3. Nc3 Bb4 4. exd5 exd5 5. Bd3 Nc6 6. a3 Bxc3+ 7. bxc3 Nge7 8. Qh5 Be6 9. Nf3 Qd7 10. Ng5 h6 11. O-O O-O-O 12. Nxe6 Qxe6 13. Bf4 g6 14. Qf3 g5 15. Rfe1 Qf6 16. Qh3+ Kb8 17. Be5 Nxe5 18. Rxe5 Ng6 19. Rf5 Qe6 20. Qe3 Nf4 21. Qxe6 fxe6 22. Rf6 Rdf8 23. Rxf8+ Rxf8 24. Re1 Kc8 25. g3 Nxd3 26. cxd3 Kd7 27. Kg2 b5 28. Re5 Rb8 29. f3 Rb6 30. Kh3 Ra6 31. Kg4 Rxa3 32. Kh5 Ra2 33. h3 Rh2 34. h4 gxh4 35. gxh4 a5 36. f4 a4 37. f5 exf5 38. Rxd5+ Kc6 39. Rxf5 a3 40. Rf1 a2 41. Ra1 Kb6 42. Kg6 Ka5 43. h5 Ka4 44. Kxh6 Kb3 45. Kg6 Kxc3 46. h6 b4 47. h7 b3 48. Kg7 b2 0-1


[Site "https://www.chess.com"]

[Event "Titled Tuesday Blitz March 08 Early 2022"]
[White "Seo, Jung Min"]
[Black "Domingo Nunez, Alejandro"]
[WhiteFideId "1734687"]
[BlackFideId "22245561"]
[WhiteElo "2401"]
[BlackElo "2215"]
[Result "0-1"]
[Round "07"]
[TimeControl "180+1"]
[Date "2022.03.09"]
[WhiteClock "0:00:49"]
[BlackClock "0:00:47"]

1. e4 g6 2. d4 Bg7 3. Nc3 c6 4. h3 d5 5. e5 f6 6. f4 fxe5 7. fxe5 Nh6 8. Nf3 O-O 9. Be2 Nf5 10. Bf4 Nh4 11. Nxh4 Rxf4 12. Nf3 Qb6 13. Qd2 Bh6 14. O-O-O Kg7 15. Na4 Qc7 16. Ng5 Bxg5 17. Kb1 Bh6 18. Nc5 b6 19. Nb3 a5 20. g3 Rf8 21. Qe1 a4 22. Nc1 Bf5 23. Bd3 a3 24. b3 Bxc1 25. Rxc1 Bxd3 26. cxd3 e6 27. h4 Qf7 28. Qb4 Qf3 29. Rhd1 Nd7 30. Qe7+ Rf7 31. Qxe6 Qe2 0-1


[Site "https://www.chess.com"]

[Event "Titled Tuesday Blitz March 08 Early 2022"]
[White "Shkapenko, Pavel"]
[Black "Skliarov, Viktor"]
[WhiteFideId "4151933"]
[BlackFideId "14106736"]
[WhiteElo "2386"]
[BlackElo "2229"]
[Result "1-0"]
[Round "07"]
[TimeControl "180+1"]
[Date "2022.03.09"]
[WhiteClock "0:00:29"]
[BlackClock "0:00:28"]

1. e4 c5 2. c3 d6 3. d4 Nf6 4. Bd3 g6 5. dxc5 dxc5 6. e5 Nh5 7. h3 Nc6 8. Nf3 Bf5 9. Bxf5 Qxd1+ 10. Kxd1 gxf5 11. g4 Ng7 12. Kc2 fxg4 13. hxg4 Ne6 14. Be3 Bg7 15. Rh5 O-O-O 16. Nbd2 Rd5 17. Rah1 b5 18. Rxh7 Rxh7 19. Rxh7 Nxe5 20. Nxe5 Rxe5 21. Nf3 Re4 22. Ng5 Rxg4 23. Nxe6 fxe6 24. Bxc5 a6 25. Bxe7 Be5 26. Bc5 Rg7 27. Rxg7 Bxg7 28. Kd3 Kd7 29. Bd4 Bh6 30. c4 bxc4+ 31. Kxc4 Kc6 32. Be5 Bd2 33. Bc3 Bg5 34. Kd4 Bh4 35. f3 Bg3 36. b3 Bd6 37. Ke4 Bc7 38. Be5 Bd8 39. Kd4 Bb6+ 40. Kc4 Bd8 41. b4 Bb6 42. a4 Bd8 43. b5+ axb5+ 44. axb5+ Kd7 45. Kc5 Bh4 46. b6 Bf2+ 47. Kb5 1-0


[Site "https://www.chess.com"]

[Event "Titled Tuesday Blitz March 08 Early 2022"]
[White "Shukhman, Anna"]
[Black "Zaksaite, Salomeja"]
[WhiteFideId "54180058"]
[BlackFideId "12801496"]
[WhiteElo "1665"]
[BlackElo "1953"]
[Result "1-0"]
[Round "07"]
[TimeControl "180+1"]
[Date "2022.03.09"]
[WhiteClock "0:01:09"]
[BlackClock "0:00:02"]

1. e4 c5 2. Nf3 e6 3. d4 cxd4 4. Nxd4 Nf6 5. Nc3 Nc6 6. Nxc6 bxc6 7. e5 Nd5 8. Ne4 Qc7 9. f4 Qb6 10. c4 Bb4+ 11. Ke2 f5 12. exf6 Nxf6 13. Be3 Qa5 14. Nxf6+ gxf6 15. a3 Be7 16. Kf2 d5 17. b4 Qc7 18. Qh5+ Kd7 19. Rd1 Rb8 20. b5 Bb7 21. Be2 Rbd8 22. f5 e5 23. bxc6+ Bxc6 24. cxd5 Ba4 25. Rc1 Qb7 26. Qf7 1-0


[Site "https://www.chess.com"]

[Event "Titled Tuesday Blitz March 08 Early 2022"]
[White "Shuvalova, Polina"]
[Black "Horak, Martin"]
[WhiteFideId "24171760"]
[BlackFideId "367095"]
[WhiteElo "2355"]
[BlackElo "1997"]
[Result "1-0"]
[Round "07"]
[TimeControl "180+1"]
[Date "2022.03.09"]
[WhiteClock "0:00:52"]
[BlackClock "0:00:02"]

1. d4 Nf6 2. Nf3 e6 3. Bf4 c5 4. e3 Nc6 5. Nbd2 Be7 6. c3 O-O 7. Bd3 d5 8. h4 cxd4 9. exd4 Bd6 10. Bxd6 Qxd6 11. Qe2 Re8 12. Ne5 Qc7 13. h5 Bd7 14. h6 g6 15. f4 Ne4 16. Bxe4 dxe4 17. Nxe4 Nxe5 18. fxe5 f5 19. Nf6+ Kh8 20. Nxe8 Bxe8 21. d5 exd5 22. e6 Qg3+ 23. Kd2 Bc6 24. Rae1 Kg8 25. Rh3 Qg5+ 26. Kc2 d4 27. Qe5 Qe7 28. Qxd4 Rd8 29. Qe5 Be4+ 30. Rxe4 fxe4 31. Qxe4 Rd6 32. Re3 Kf8 33. Qe5 Ke8 34. Qh8+ Qf8 35. Qe5 Qf5+ 36. Qxf5 gxf5 37. Rg3 Rxe6 38. Rg8+ Kd7 39. Rg7+ Kc6 40. Rxh7 Rg6 41. Kd3 Rxg2 42. Rg7 Rh2 43. h7 Rh4 44. c4 a5 45. b3 b6 46. Ke3 Kc5 47. Kf3 a4 48. Kg3 Rh1 49. Kf4 axb3 50. axb3 Rh5 51. Rb7 Kc6 52. Rf7 Rh4+ 53. Kxf5 Rh3 54. Kg5 Rh1 55. Rf6+ 1-0


[Site "https://www.chess.com"]

[Event "Titled Tuesday Blitz March 08 Early 2022"]
[White "Silva, Miguel Antonio Neto"]
[Black "Garv Gaur"]
[WhiteFideId "1911929"]
[BlackFideId "45030839"]
[WhiteElo "2204"]
[BlackElo "1950"]
[Result "1-0"]
[Round "07"]
[TimeControl "180+1"]
[Date "2022.03.09"]
[WhiteClock "0:01:40"]
[BlackClock "0:00:28"]

1. e4 c6 2. d4 d5 3. e5 Bf5 4. h4 h5 5. Bd3 Bxd3 6. Qxd3 Qa5+ 7. Nd2 e6 8. Nf3 Qa6 9. c4 Nh6 10. O-O Nf5 11. b3 Be7 12. Qc2 Nxh4 13. cxd5 Nxf3+ 14. Nxf3 exd5 15. e6 fxe6 16. Qg6+ Kd8 17. Ng5 Bxg5 18. Bxg5+ Kc8 19. Qxg7 Re8 20. Qf7 Rd8 21. Bxd8 Kxd8 22. Rae1 Nd7 23. Qg8+ 1-0


[Site "https://www.chess.com"]

[Event "Titled Tuesday Blitz March 08 Early 2022"]
[White "Sinitsina, Anastassia"]
[Black "Chernov, Alexander A."]
[WhiteFideId "4504640"]
[BlackFideId "4152492"]
[WhiteElo "2144"]
[BlackElo "1956"]
[Result "1-0"]
[Round "07"]
[TimeControl "180+1"]
[Date "2022.03.09"]
[WhiteClock "0:01:16"]
[BlackClock "0:01:41"]

1. Nf3 d5 2. g3 c6 3. Bg2 Bg4 4. O-O Nd7 5. d3 e5 6. Nbd2 Ngf6 7. e4 dxe4 8. dxe4 Qc7 9. Qe2 Be7 10. h3 Bh5 11. Re1 O-O 12. Nf1 Rfe8 13. g4 Bg6 14. Ng3 Nc5 15. Nh2 Ne6 16. h4 h6 17. Nf5 Bc5 18. c3 a5 19. Nf1 Nf4 20. Bxf4 exf4 21. Qc4 Qb6 22. Qe2 h5 23. g5 Ng4 24. Nd4 Rad8 25. Nd2 Qxb2 26. N2b3 Ba7 27. Qxb2 1-0


[Site "https://www.chess.com"]

[Event "Titled Tuesday Blitz March 08 Early 2022"]
[White "Siva Mahadevan"]
[Black "Sychev, Klementy"]
[WhiteFideId "25043153"]
[BlackFideId "4114060"]
[WhiteElo "2203"]
[BlackElo "2564"]
[Result "1-0"]
[Round "07"]
[TimeControl "180+1"]
[Date "2022.03.08"]
[WhiteClock "0:00:28"]
[BlackClock "0:00:02"]

1. e4 c6 2. d4 d5 3. e5 Bf5 4. c4 e6 5. Nc3 Ne7 6. Nge2 dxc4 7. Ng3 Bg6 8. Bxc4 Nd7 9. O-O Nb6 10. Bb3 Qd7 11. a4 a5 12. Be3 h5 13. h4 Nf5 14. Nxf5 Bxf5 15. Qf3 Be7 16. Qg3 O-O-O 17. d5 Nxd5 18. Bxd5 exd5 19. Bb6 Rdg8 20. Nb5 Be6 21. Nd6+ Kb8 22. Qc3 Bd8 23. Qxa5 Bxb6 24. Qxb6 g5 25. a5 Qc7 26. Qxc7+ Kxc7 27. hxg5 Rxg5 28. f4 Rg3 29. f5 Bd7 30. Nxf7 Rhg8 31. Rf2 h4 32. e6 Be8 33. Nh6 Rf8 34. f6 Rg6 35. e7 Rfxf6 36. Rxf6 Rxf6 37. Ng4 Re6 38. a6 bxa6 39. Rxa6 Rxe7 40. b4 Kd6 41. b5 Kc5 42. b6 Rb7 43. Nf6 Bg6 44. Ra4 Kxb6 45. Rxh4 c5 46. Nxd5+ Kc6 47. Ne3 Rd7 48. Rh6 Rg7 49. Nf5 Rg8 50. Ne7+ 1-0


[Site "https://www.chess.com"]

[Event "Titled Tuesday Blitz March 08 Early 2022"]
[White "Soderstrom, Adrian"]
[Black "Goltseva, Ekaterina"]
[WhiteFideId "1745786"]
[BlackFideId "24173770"]
[WhiteElo "2107"]
[BlackElo "2140"]
[Result "1/2-1/2"]
[Round "07"]
[TimeControl "180+1"]
[Date "2022.03.09"]
[WhiteClock "0:00:05"]
[BlackClock "0:00:05"]

1. d4 d5 2. c4 dxc4 3. e4 b5 4. a4 c6 5. axb5 cxb5 6. Nc3 a6 7. Nxb5 axb5 8. Rxa8 Bb7 9. Ra2 e6 10. b3 Bb4+ 11. Bd2 c3 12. Bxb5+ Kf8 13. Nf3 cxd2+ 14. Ke2 Nc6 15. Rxd2 Bxd2 16. Qxd2 Nf6 17. Qc2 Qb6 18. Bxc6 Bxc6 19. Rc1 Bb5+ 20. Ke3 g6 21. Ne5 Kg7 22. Qc7 Qxc7 23. Rxc7 Rf8 24. b4 Ne8 25. Rb7 Nd6 26. Rb6 Nc4+ 27. Nxc4 Bxc4 28. b5 Ra8 29. Rb7 Ra3+ 30. Kf4 Rb3 31. b6 Kf6 32. h4 h6 33. Rc7 g5+ 34. hxg5+ hxg5+ 35. Kg4 Be2+ 36. f3 Rxb6 37. Rc5 Rb5 38. Rc2 Bd3 39. Rc3 Bf1 40. g3 Ra5 41. f4 gxf4 42. gxf4 Bb5 43. Kf3 Ra2 44. Rc5 Be2+ 45. Ke3 Bd1 46. f5 Re2+ 47. Kd3 exf5 48. Rxf5+ Ke6 49. Re5+ Kd6 50. Rd5+ Ke7 51. Re5+ Kf8 52. Rf5 Ra2 53. Rf4 Bc2+ 54. Kc4 Ra4+ 55. Kd5 Bb3+ 56. Kd6 Rxd4+ 57. Ke5 Ra4 58. Kf6 Bc2 59. e5 Rxf4+ 60. Kg5 Rf5+ 61. Kh6 Rxe5 1/2-1/2


[Site "https://www.chess.com"]

[Event "Titled Tuesday Blitz March 08 Early 2022"]
[White "Sovetbekova, Nurai"]
[Black "Gubanov, Oleg"]
[WhiteFideId "13801910"]
[BlackFideId "14115115"]
[WhiteElo "1538"]
[BlackElo "2080"]
[Result "1-0"]
[Round "07"]
[TimeControl "180+1"]
[Date "2022.03.09"]
[WhiteClock "0:01:29"]
[BlackClock "0:01:53"]

1. d4 b5 2. Nf3 Bb7 3. e3 a6 4. c4 bxc4 5. Bxc4 e6 6. Nc3 Nf6 7. O-O Be7 8. b3 O-O 9. Bb2 d5 10. Bd3 Nbd7 11. Rc1 c5 12. Na4 Rc8 13. Qe2 cxd4 14. Nxd4 Qa5 15. Bc3 Bb4 16. Bxb4 Qxb4 17. Bxa6 Bxa6 18. Qxa6 Qa3 19. Rxc8 1-0


[Site "https://www.chess.com"]

[Event "Titled Tuesday Blitz March 08 Early 2022"]
[White "Svane, Rasmus"]
[Black "Vakhlamov, Igor L."]
[WhiteFideId "4657101"]
[BlackFideId "24126748"]
[WhiteElo "2645"]
[BlackElo "2401"]
[Result "1/2-1/2"]
[Round "07"]
[TimeControl "180+1"]
[Date "2022.03.08"]
[WhiteClock "0:00:37"]
[BlackClock "0:00:12"]

1. Nf3 Nf6 2. g3 g6 3. Bg2 Bg7 4. O-O O-O 5. d4 c5 6. dxc5 Na6 7. Be3 Qc7 8. Bd4 Nxc5 9. Nc3 a6 10. Rc1 d6 11. Bxf6 exf6 12. Nd5 Qd8 13. c4 Rb8 14. Nd4 f5 15. e3 Bd7 16. Qd2 Rc8 17. Rfd1 Re8 18. b3 Ne4 19. Qb4 Bc6 20. Nb6 Rc7 21. Nxc6 Rxc6 22. Nd5 Qc8 23. a4 h5 24. a5 h4 25. Nb6 Qc7 26. Rd3 Be5 27. Rcd1 Kg7 28. Qe1 Rh8 29. f4 Bf6 30. Nd5 Qd8 31. Nxf6 Qxf6 32. Rd4 hxg3 33. hxg3 Re8 34. Bxe4 fxe4 35. Rd5 Rh8 36. Qd2 Qe6 37. Qd4+ f6 38. Rxd6 Rxd6 39. Qxd6 Rh1+ 40. Kf2 Rh2+ 41. Ke1 Rh1+ 42. Kf2 Rh2+ 43. Kg1 Rh1+ 44. Kxh1 Qh3+ 45. Kg1 Qxg3+ 46. Kf1 Qf3+ 47. Ke1 Qxe3+ 48. Kf1 Qf3+ 49. Kg1 Qg3+ 50. Kh1 Qh3+ 51. Kg1 Qg3+ 52. Kh1 Qh3+ 53. Kg1 Qg3+ 1/2-1/2


[Site "https://www.chess.com"]

[Event "Titled Tuesday Blitz March 08 Early 2022"]
[White "Taboas Rodriguez, Daniel"]
[Black "Fiorito, Fabian"]
[WhiteFideId "2208466"]
[BlackFideId "100200"]
[WhiteElo "2429"]
[BlackElo "2395"]
[Result "1-0"]
[Round "07"]
[TimeControl "180+1"]
[Date "2022.03.09"]
[WhiteClock "0:01:03"]
[BlackClock "0:00:04"]

1. d4 d5 2. Nf3 Nf6 3. c4 c6 4. cxd5 cxd5 5. Nc3 Nc6 6. Bf4 Bf5 7. Rc1 Rc8 8. e3 e6 9. Qb3 Bb4 10. Bb5 O-O 11. O-O Bxc3 12. Rxc3 Ne4 13. Rcc1 Qb6 14. Bxc6 Rxc6 15. Rxc6 Qxc6 16. Ne5 Qa6 17. Rc1 Qe2 18. Bg3 h5 19. Nf3 g5 20. Re1 Qa6 21. h4 g4 22. Ne5 Rc8 23. Nd7 Qc6 24. Ne5 Qa6 25. Bf4 f6 26. Nd7 Qc6 27. Nc5 Nxc5 28. dxc5 e5 29. Bg3 Be6 30. Rc1 Kf7 31. Qa3 a6 32. b4 Rd8 33. Qd3 Kg7 34. a3 d4 35. e4 Qb5 36. Rd1 Bc4 37. Qd2 Qa4 38. Kh2 Qxa3 39. Bxe5 Qb3 40. Qg5+ Kh7 41. Qxh5+ Kg8 42. Qg6+ Kf8 43. Qxf6+ Ke8 44. Bd6 Kd7 45. Qe7+ Kc6 46. Qc7+ Kb5 47. Qb6+ Ka4 48. Qa5# 1-0


[Site "https://www.chess.com"]

[Event "Titled Tuesday Blitz March 08 Early 2022"]
[White "Taichman, Ori"]
[Black "Oganian, Miran"]
[WhiteFideId "2804069"]
[BlackFideId "4122488"]
[WhiteElo "2227"]
[BlackElo "2357"]
[Result "1-0"]
[Round "07"]
[TimeControl "180+1"]
[Date "2022.03.09"]
[WhiteClock "0:00:30"]
[BlackClock "0:00:03"]

1. e4 e6 2. d4 d5 3. Nc3 Bb4 4. e5 c5 5. Bd2 Ne7 6. dxc5 Nd7 7. Qg4 Bxc5 8. Qxg7 Rg8 9. Qxh7 Qb6 10. O-O-O Bxf2 11. Nf3 a6 12. h4 Nc5 13. h5 Bd7 14. h6 O-O-O 15. Qxf7 Nf5 16. h7 Rh8 17. g4 Ne3 18. Bxe3 Bxe3+ 19. Kb1 Ne4 20. Nxe4 dxe4 21. Nd2 Ba4 22. Bc4 Bxd2 23. Qg7 e3 24. g5 Bb5 25. g6 Bxc4 26. Qxh8 Rxh8 27. g7 Qd8 28. gxh8=Q Qxh8 29. Rdg1 e2 30. Rg8+ Kc7 31. Rxh8 Bd5 32. Rc8+ Kxc8 33. h8=Q+ Kc7 34. Rg1 Kc6 35. Qh4 Kc5 36. Re1 Bxe1 37. Qxe1 Bf3 38. Kc1 Kd4 39. Kd2 Ke4 40. Qf2 1-0


[Site "https://www.chess.com"]

[Event "Titled Tuesday Blitz March 08 Early 2022"]
[White "Talibov, Shiroghlan"]
[Black "Khismatullin, Denis"]
[WhiteFideId "13429078"]
[BlackFideId "4142578"]
[WhiteElo "2070"]
[BlackElo "2543"]
[Result "1/2-1/2"]
[Round "07"]
[TimeControl "180+1"]
[Date "2022.03.08"]
[WhiteClock "0:00:06"]
[BlackClock "0:00:40"]

1. g3 c5 2. c4 g6 3. Bg2 Bg7 4. Nc3 Nc6 5. e3 Nh6 6. Nge2 Nf5 7. e4 Nfd4 8. d3 d6 9. Nxd4 Nxd4 10. O-O O-O 11. f4 Rb8 12. Be3 b5 13. b3 b4 14. Ne2 Bg4 15. Bxd4 Bxd4+ 16. Nxd4 Bxd1 17. Nc6 Qc7 18. Nxb8 Be2 19. Rf2 Bg4 20. f5 Qxb8 21. h3 Bxh3 22. Bxh3 d5 23. exd5 Qxg3+ 24. Bg2 Qxd3 25. Re1 a5 26. Rxe7 Qd4 27. Re4 Qd1+ 28. Rf1 Qd3 29. Rf2 h5 30. Kh2 g5 31. f6 Kh7 32. Ree2 Kh6 33. Rd2 Qe3 34. Rde2 Qc3 35. Rc2 Qe5+ 36. Kg1 Re8 37. Rcd2 Qg3 38. Kf1 h4 39. d6 h3 40. Bc6 Rd8 41. Rf3 Qh4 42. Rfd3 Qf4+ 43. Rf2 Qc1+ 44. Ke2 g4 45. d7 Kg5 46. Rd5+ Kh4 47. Rxc5 g3 48. Rff5 g2 49. Rh5+ Kg3 50. Rcg5+ Kf4 51. Rf5+ Kg3 52. Rfg5+ Kf4 53. Rf5+ Kg3 54. Rfg5+ 1/2-1/2


[Site "https://www.chess.com"]

[Event "Titled Tuesday Blitz March 08 Early 2022"]
[White "Tarhan, Adar"]
[Black "Spata, German"]
[WhiteFideId "34544712"]
[BlackFideId "113026"]
[WhiteElo "1802"]
[BlackElo "2238"]
[Result "1-0"]
[Round "07"]
[TimeControl "180+1"]
[Date "2022.03.09"]
[WhiteClock "0:02:32"]
[BlackClock "0:01:26"]

1. d4 e6 2. c4 d5 3. Nc3 Nf6 4. Bg5 Be7 5. cxd5 Nxd5 6. Bxe7 Qxe7 7. e3 O-O 8. Nf3 Nxc3 9. bxc3 b6 10. Bd3 Bb7 11. h4 h6 12. e4 Nd7 13. e5 f6 14. Qe2 Bxf3 15. gxf3 fxe5 16. dxe5 Qc5 17. Rd1 Qxc3+ 18. Kf1 Qxe5 19. Be4 Kh8 20. Bxa8 1-0


[Site "https://www.chess.com"]

[Event "Titled Tuesday Blitz March 08 Early 2022"]
[White "Tari, Aryan"]
[Black "Nasuta, Grzegorz"]
[WhiteFideId "1510045"]
[BlackFideId "1141686"]
[WhiteElo "2567"]
[BlackElo "2396"]
[Result "1-0"]
[Round "07"]
[TimeControl "180+1"]
[Date "2022.03.08"]
[WhiteClock "0:00:28"]
[BlackClock "0:00:01"]

1. e4 e5 2. Nf3 Nc6 3. d3 Nf6 4. g3 d5 5. exd5 Nxd5 6. Bg2 Nb6 7. O-O Bd6 8. Re1 O-O 9. a3 Bg4 10. h3 Bh5 11. g4 Bg6 12. Nc3 f5 13. gxf5 Bh5 14. Ne4 Nd4 15. Ng3 Bxf3 16. Bxf3 Nxf3+ 17. Qxf3 c6 18. Ne4 Qd7 19. f6 Nd5 20. Qg4 Rad8 21. fxg7 Qxg7 22. Bh6 Qxg4+ 23. hxg4 Rf7 24. Kg2 Be7 25. Rh1 a6 26. Rh5 Bf6 27. Rah1 Bh8 28. Rg5+ Bg7 29. Rgh5 Nf4+ 30. Bxf4 exf4 31. Kf3 Bxb2 32. g5 Bxa3 33. g6 Rg7 34. Rxh7 Be7 35. Rh8# 1-0


[Site "https://www.chess.com"]

[Event "Titled Tuesday Blitz March 08 Early 2022"]
[White "Tasev, Dejan"]
[Black "Bettalli, Francesco"]
[WhiteFideId "936618"]
[BlackFideId "2816453"]
[WhiteElo "2253"]
[BlackElo "2216"]
[Result "0-1"]
[Round "07"]
[TimeControl "180+1"]
[Date "2022.03.09"]
[WhiteClock "0:00:05"]
[BlackClock "0:00:12"]

1. e4 e5 2. Nf3 Nf6 3. Nxe5 Nc6 4. Nf3 Nxe4 5. Nc3 Nxc3 6. dxc3 d5 7. Bf4 Bg4 8. Be2 Bd6 9. Be3 O-O 10. Qxd5 Re8 11. Qd2 Bxf3 12. gxf3 Qh4 13. O-O-O Qa4 14. Kb1 Rad8 15. Qe1 Ne5 16. Rd4 Qa5 17. Qd2 Nc6 18. Rd5 Qa4 19. b3 Qh4 20. Bg5 Qxf2 21. Bxd8 Rxe2 22. Qd3 Nxd8 23. Kb2 Ne6 24. Rc1 Nf4 25. Qc4 Nxd5 26. Qxd5 h6 27. Qxb7 Qe3 28. Qc8+ Qe8 29. Qf5 Qe6 30. Qd3 Rxh2 31. a4 Rh5 32. Qa6 Bc5 33. Qb7 Rf5 34. Qa8+ Kh7 35. Rd1 h5 36. Rd8 Kg6 37. f4 Rxf4 38. Qg2+ Rg4 39. Qb7 Be7 40. Rd3 Bf6 41. Qxc7 h4 42. Qxa7 Qe5 43. Qd7 Rg3 44. Rxg3+ hxg3 45. Qg4+ Kh6 46. Qh3+ Kg5 47. Qg2 Qxc3+ 48. Ka3 Be7+ 49. Ka2 Qe3 50. Qd5+ f5 51. Qf7 Kg4 52. Qxg7+ Bg5 53. Qb7 Qf3 54. Qc8 g2 55. Qc4+ f4 56. Qe6+ Kg3 57. Qb6 Qf2 58. Qb5 g1=Q 59. Qxg5+ Kf3 60. Qd5+ Ke2 61. Qd3+ Ke1 62. Kb2 Qd4+ 63. Qxd4 Qxd4+ 64. c3 Qd2+ 65. Ka3 Qxc3 66. a5 Qxa5+ 0-1


[Site "https://www.chess.com"]

[Event "Titled Tuesday Blitz March 08 Early 2022"]
[White "Thomas, Anysia"]
[Black "Vivas Zamora, Fabian Ernesto"]
[WhiteFideId "670472"]
[BlackFideId "3902480"]
[WhiteElo "2002"]
[BlackElo "1966"]
[Result "0-1"]
[Round "07"]
[TimeControl "180+1"]
[Date "2022.03.09"]
[WhiteClock "0:00:03"]
[BlackClock "0:00:05"]

1. d4 Nf6 2. c4 g6 3. Nc3 d5 4. cxd5 Nxd5 5. e4 Nxc3 6. bxc3 Bg7 7. Be3 c5 8. Nf3 Qa5 9. Qd2 Nc6 10. Rb1 O-O 11. Rb5 cxd4 12. Rxa5 dxe3 13. Qxe3 Nxa5 14. Nd4 Bd7 15. Be2 Rfc8 16. h4 Nc4 17. Qg5 Nb6 18. h5 Rxc3 19. hxg6 hxg6 20. Qd2 Rac8 21. O-O Ra3 22. Nb5 Bxb5 23. Bxb5 Bc3 24. Qg5 Bf6 25. Qd2 Bc3 26. Qg5 Ra5 27. a4 a6 28. Qe3 Nxa4 29. Bxa4 Rxa4 30. Rc1 Rac4 31. Qe2 b5 32. g3 b4 33. Kg2 a5 34. Rd1 a4 35. Rd7 a3 36. Rxe7 a2 37. Qf3 Rf8 38. e5 a1=Q 39. e6 Bf6 40. exf7+ Kg7 41. Re4 Rc1 42. Rf4 Rg1+ 43. Kh3 Rxf7 44. Qb7 Rxb7 45. Kg4 Rh1 46. Kf3 Qc3+ 47. Kg2 Qe1 48. Kf3 Qf1 49. Kg4 Rh2 50. f3 Qh3# 0-1


[Site "https://www.chess.com"]

[Event "Titled Tuesday Blitz March 08 Early 2022"]
[White "Timofeev, Artyom"]
[Black "Fedoseev, Vladimir"]
[WhiteFideId "4140419"]
[BlackFideId "24130737"]
[WhiteElo "2594"]
[BlackElo "2726"]
[Result "0-1"]
[Round "07"]
[TimeControl "180+1"]
[Date "2022.03.08"]
[WhiteClock "0:01:13"]
[BlackClock "0:00:15"]

1. c4 e6 2. Nf3 Nf6 3. Nc3 Bb4 4. Qc2 O-O 5. e4 d6 6. d4 e5 7. dxe5 dxe5 8. Bg5 Nc6 9. Rd1 Qe7 10. a3 Bxc3+ 11. Qxc3 Bg4 12. h3 Bh5 13. g4 Bg6 14. Bd3 Qe6 15. Qc2 Rad8 16. O-O h6 17. Bh4 Rd7 18. Rfe1 Nxg4 19. c5 Nf6 20. Kh2 Nd4 21. Nxd4 Rxd4 22. f3 Nh5 23. Bf1 Rxd1 24. Rxd1 Nf4 25. Qc4 Bh5 26. Qxe6 Nxe6 27. Kg3 g5 0-1


[Site "https://www.chess.com"]

[Event "Titled Tuesday Blitz March 08 Early 2022"]
[White "Tologon tegin, Semetei"]
[Black "Jaskolka, Tomasz"]
[WhiteFideId "13800574"]
[BlackFideId "1170791"]
[WhiteElo "2258"]
[BlackElo "2073"]
[Result "1-0"]
[Round "07"]
[TimeControl "180+1"]
[Date "2022.03.09"]
[WhiteClock "0:00:07"]
[BlackClock "0:00:02"]

1. e4 c5 2. Nf3 e6 3. d4 cxd4 4. Nxd4 Nc6 5. Nc3 Qc7 6. a3 a6 7. Be3 Nf6 8. Be2 Be7 9. f4 d6 10. O-O Nxd4 11. Bxd4 b5 12. Bd3 e5 13. Be3 Bb7 14. Qf3 O-O 15. Kh1 Nd7 16. Qh3 exf4 17. Nd5 Bxd5 18. exd5 g6 19. Bxf4 Bf6 20. Bh6 Rfe8 21. c3 Bg7 22. Rf2 Ne5 23. Bxg7 Kxg7 24. Raf1 Re7 25. Qg3 Rae8 26. h4 h5 27. Rf6 Ng4 28. R6f3 Qc5 29. Bf5 gxf5 30. Rxf5 Qe3 31. Qxd6 Qe4 32. Rg5+ Kf8 33. Rxh5 Qg6 34. Qxg6 1-0


[Site "https://www.chess.com"]